 Dungeon Crawl Stone Soup version 0.22.1-1-ga44c0e56f4 (webtiles) character file.

58 Kniotic the Insei (level 3, -5/29 HPs)
             Began as a Demonspawn Monk on Oct 23, 2018.
             Was a Believer of Dithmenos.
             Slain by a goblin
             ... wielding a +0 dagger
             ... led by Robin
              (6 damage)
             ... on level 3 of the Dungeon.
             The game lasted 00:03:52 (2634 turns).

Kniotic the Insei (Demonspawn Monk)                 Turns: 2634, Time: 00:03:53

Health: -5/29      AC:  2    Str: 12    XL:     3   Next: 76%
Magic:  5/5        EV: 13    Int: 11    God:    Dithmenos [**....]
Gold:   134        SH:  0    Dex: 17    Spells: 5/5 levels left

rFire    . . .     SeeInvis .     - Unarmed
rCold    . . .     Gourm    .   (no shield)
rNeg     . . .     Faith    .   a - +0 robe
rPois    .         Spirit   .   (no helmet)
rElec    .         Reflect  .   (no cloak)
rCorr    .         Harm     .   (no gloves)
MR       .....                  (no boots)
Stlth    +++.......             (no amulet)
HPRegen  0.09/turn              (no ring)
MPRegen  0.09/turn              (no ring)

@: lethally poisoned (-5 -> -12), wreathed by umbra
A: thin skeletal structure 1
a: Shadow Step, Renounce Religion


You were on level 3 of the Dungeon.
You worshipped Dithmenos.
Dithmenos was pleased with you.
You were not hungry.

You visited 1 branch of the dungeon, and saw 3 of its levels.

You collected 134 gold pieces.

Inventory:

Missiles
 c - 7 curare-tipped needles
 p - 20 poisoned needles
Armour
 a - a +0 robe (worn)
Jewellery
 e - an uncursed ring of protection from fire {unknown}
 f - a cursed -2 ring of protection {unknown}
Scrolls
 d - 2 scrolls of remove curse {unknown}
 g - a scroll of magic mapping {unknown}
 h - a scroll of fog {unknown}
 i - a scroll of teleportation {unknown}
 j - a scroll of noise {unknown}
 q - 5 scrolls of identify {unknown}
Potions
 k - a potion of mutation {unknown}
 l - a potion of agility {unknown}
 m - 2 potions of might {unknown}
 n - a potion of curing {unknown}
 o - a potion of lignification {unknown}
Comestibles
 b - 4 rations


   Skills:
 - Level 3.0 Fighting
 - Level 2.6 Dodging
 - Level 1.7 Stealth
 * Level 3.9 Unarmed Combat
 + Level 1.5 Spellcasting


You had 5 spell levels left.
You didn't know any spells.
Your spell library was empty.

Dungeon Overview and Level Annotations

Branches:
Dungeon (3/15)

Altars:
Dithmenos
Xom

Annotations:
D:3 2 transporters, 1212's ghost, weakling DsAK; Robin; Terence


Innate Abilities, Weirdness & Mutations

You have a somewhat thin skeletal structure. (Dex +2, Stealth)


Message History

You are more poisoned.
The adder poisons you!
You closely miss the adder.
The adder is heavily wounded.
You feel sick. The goblin hits you with a dagger. The adder bites you.
You hit the adder but do no damage.
The adder is heavily wounded.
The adder bites you.
* * * LOW HITPOINT WARNING * * *
The goblin hits you with a dagger.
* * * LOW HITPOINT WARNING * * *
The adder barely misses you.
You barely miss the adder.
The adder is moderately wounded.
* * * LOW HITPOINT WARNING * * *
You feel sick. The goblin closely misses you. The adder closely misses you.
You miss the adder.
The adder is moderately wounded.
The goblin hits you with a dagger.
You die...

####### #......
#########.# #.#######.##
..........# #..g@Sgggw.#
###.#####.###..####grg..$
#.#####......# g....
#............# ....
#..######.#.## g.. ###..#
##.#.# .. .....# ###....#
. ###.## #......# #.#
#.#...##


You could see Robin, an adder, a dart slug, a quokka, 3 hobgoblins and 2
goblins.

Vanquished Creatures
  2 adders (D:3)
  An ooze (D:3)
  A worm (D:2)
  A dart slug (D:2)
  2 leopard geckos
  4 bats
  3 giant cockroaches (D:1)
  4 goblins
  A hobgoblin (D:2)
  3 kobolds
  4 frilled lizards
  4 rats
30 creatures vanquished.

Notes
Turn   | Place    | Note
-------+----------+-------------------------------------------
     0 | D:1      | Kniotic the Demonspawn Monk began the quest for the Orb.
     0 | D:1      | Reached XP level 1. HP: 18/18 MP: 1/1
   443 | D:1      | Gained mutation: You have a somewhat thin skeletal
                  | structure. (Dex +2, Stealth) [demonic ancestry]
   443 | D:1      | Reached XP level 2. HP: 24/24 MP: 2/2
  1024 | D:2      | Reached skill level 1 in Spellcasting
  1277 | D:2      | Found a shattered altar of Ashenzari.
  1279 | D:2      | Found an ornate altar of the Wu Jian Council.
  1279 | D:2      | Found a shimmering altar of Xom.
  1281 | D:2      | Found a deep blue altar of Sif Muna.
  1281 | D:2      | Found a shattered altar of Ashenzari.
  1281 | D:2      | Found a bloodstained altar of Trog.
  1579 | D:2      | Reached XP level 3. HP: 29/29 MP: 4/4
  2013 | D:3      | Found a transporter.
  2026 | D:3      | Noticed 1212's ghost (weakling DsAK)
  2029 | D:3      | Found a transporter.
  2241 | D:3      | Found a shadowy altar of Dithmenos.
  2254 | D:3      | Became a worshipper of Dithmenos the Shadowed
  2254 | D:3      | Reached * piety under Dithmenos
  2254 | D:3      | Reached ** piety under Dithmenos
  2618 | D:3      | Noticed Robin
  2621 | D:3      | Noticed Terence
  2633 | D:3      | HP: 1/29 [poisoned by an adder]
  2634 | D:3      | Slain by a goblin

Skill      XL: |  1  2 |
---------------+-------+-----
Unarmed Combat | 3 |  3.9
Spellcasting   | 1 |  1.5
Fighting       | |  3.0
Dodging        | |  2.6
Stealth        | |  1.7

Action                   || total
-------------------------++-------
Melee: Unarmed           ||   120
 Stab: Sleeping          ||     8
       Distracted        ||     1
  Eat: Chunk             ||     3
       Ration            ||     1
Armor: Robe              ||     5
Dodge: Dodged            ||    83
